 Dungeon Crawl Stone Soup version 0.21-a0-638-g11b2e07010 (webtiles) character file.

655 NixNut the Skirmisher (level 7, -3/62 HPs)
             Began as a Hill Orc Fighter on Dec 30, 2017.
             Was a Follower of Beogh.
             Slain by a gnoll (7 damage)
             ... on level 4 of the Dungeon.
             The game lasted 00:13:16 (3406 turns).

NixNut the Skirmisher (Hill Orc Fighter)            Turns: 3406, Time: 00:13:17

Health: -3/62      AC:  7    Str: 21    XL:     7   Next: 54%
Magic:  8/8        EV:  8    Int:  8    God:    Beogh [*.....]
Gold:   231        SH: 10    Dex: 10    Spells: 6/6 levels left

rFire    . . .     SeeInvis .   p - +0 war axe
rCold    . . .     Gourm    +   c - +0 shield
rNeg     . . .     Faith    .   s - +0 ring mail {MR+}
rPois    .         Spirit   .   t - +0 helmet
rElec    .         Reflect  .   (no cloak)
rCorr    .         Harm     .   (no gloves)
MR       +....                  (no boots)
Stlth    ..........             r - amulet of the gourmand
HPRegen  0.20/turn              (no ring)
MPRegen  0.11/turn              (no ring)

@: lethally poisoned (-3 -> -5)
A: no striking features
a: Renounce Religion


You were on level 4 of the Dungeon.
You worshipped Beogh.
Beogh was aware of your devotion.
You were not hungry.

You visited 1 branch of the dungeon, and saw 4 of its levels.

You collected 231 gold pieces.

Inventory:

Hand Weapons
 a - a +0 trident
 p - a +0 war axe (weapon)
Armour
 b - a +0 scale mail
 c - a +0 shield (worn)
 s - a +0 ring mail of magic resistance (worn)
 t - a +0 helmet (worn)
 w - a +2 hat
Magical Staves
 v - an uncursed staff of power
Jewellery
 r - an amulet of the gourmand (around neck)
Scrolls
 e - 3 scrolls of remove curse {unknown}
 h - a scroll of teleportation {unknown}
 k - 2 scrolls of identify
 m - a scroll of enchant weapon {unknown}
 n - a scroll of blinking {unknown}
Potions
 d - a potion of might
 g - 2 potions of agility {unknown}
 i - a potion of curing {unknown}
 j - 2 potions of mutation {unknown}
 l - 3 potions of haste {unknown}
 q - 2 potions of cancellation {unknown}
 u - a potion of brilliance {unknown}
Books
 o - a book of Misfortune

   Spells                             Type                      Level
   a - Confusing Touch                Hexes                        1
   b - Confuse                        Hexes                        3
   c - Gell's Gravitas                Translocation                3
   d - Petrify                        Transmutation/Earth          4
   e - Metabolic Englaciation         Hexes/Ice                    5
   f - Yara's Violent Unravelling     Hexes/Transmutation          5
Comestibles
 f - 6 rations


   Skills:
 + Level 5.9 Fighting
 + Level 3.4(4.5) Axes
 - Level 3.6(4.1) Polearms
 - Level 5.0 Armour
 + Level 5.4 Shields
 + Level 2.3 Invocations


You had 6 spell levels left.
You didn't know any spells.

Dungeon Overview and Level Annotations

Branches:
Dungeon (4/15)
 Temple: D:4-7

Altars:
Ashenzari
Qazlal
Sif Muna
Wu Jian
The Shining One


Message History

You completely miss the ogre.
The ogre is almost dead.
You hit the gnoll. You slash the gnoll! You barely miss the worker ant.
The worker ant bites you.
* * * LOW HITPOINT WARNING * * *
You are poisoned.
The worker ant poisons you! The gnoll barely misses you.
You block the ogre's attack. The gnoll hits you.
* * * LOW HITPOINT WARNING * * *
The gnoll hits you but does no damage. You block the worker ant's attack.
You block the gnoll's attack.
Unknown command.
You slash the ogre!
You kill the ogre!
Beogh accepts your kill.
Your Invocations skill increases to level 2!
You closely miss the gnoll. You barely miss the gnoll.
You hit the worker ant but do no damage.
You feel sick. The worker ant closely misses you. The gnoll hits you!
You die...

.#..._....#
..........#####.........
#.......................
#....⌠....###...........
<.........# .>........
..........## #.........
##..._.....# ...g.....
###.......#####ga......
##...##.....g@#
###########)## #.# ..#
..# ..# ...# ..# .....
..# .....# ..# ......#
...


You could see a worker ant and 3 gnolls.

Vanquished Creatures
  The ghost of blobbo the Charmwright, an amateur GnSk (D:3)
  Sigmund (D:3)
  An ogre (D:4)
  A hound (D:2)
  An orc wizard (D:3)
  Robin (D:3)
  4 adders
  An ooze (D:1)
  3 worms
  A leopard gecko (D:1)
  8 orcs
  2 ball pythons
  4 bats
  6 giant cockroaches
  17 hobgoblins
  6 jackals
  3 quokkas
  A frilled lizard (D:2)
  20 goblins
  5 kobolds
  6 rats
93 creatures vanquished.

Vanquished Creatures (others)
  2 orcs (D:2)
  2 jackals (D:2)
4 creatures vanquished.

Grand Total: 97 creatures vanquished

Notes
Turn   | Place    | Note
-------+----------+-------------------------------------------
     0 | D:1      | NixNut the Hill Orc Fighter began the quest for the Orb.
     0 | D:1      | Reached XP level 1. HP: 19/19 MP: 1/1
   363 | D:1      | Reached XP level 2. HP: 25/27 MP: 2/2
   733 | D:1      | Reached XP level 3. HP: 30/33 MP: 3/3
  1176 | D:2      | Found a deep blue altar of Sif Muna.
  1182 | D:2      | Reached XP level 4. HP: 34/40 MP: 4/4
  1313 | D:2      | Became a worshipper of Beogh the Brigand
  1329 | D:2      | Found an ornate altar of the Wu Jian Council.
  1855 | D:3      | Reached XP level 5. HP: 46/47 MP: 5/5
  1906 | D:3      | Noticed Robin
  2103 | D:3      | Reached * piety under Beogh
  2181 | D:3      | Killed Robin
  2395 | D:3      | Noticed blobbo's ghost (amateur GnSk)
  2460 | D:3      | Killed blobbo's ghost
  2460 | D:3      | Reached skill level 5 in Fighting
  2460 | D:3      | Reached skill level 5 in Armour
  2460 | D:3      | Reached skill level 5 in Shields
  2460 | D:3      | Reached XP level 6. HP: 33/56 MP: 6/6
  2689 | D:3      | Found a glowing golden altar of the Shining One.
  2722 | D:3      | Noticed Sigmund
  2756 | D:3      | Killed Sigmund
  2756 | D:3      | Reached skill level 1 in Invocations
  2756 | D:3      | Reached XP level 7. HP: 8/62 MP: 6/8
  3250 | D:4      | Found a stormy altar of Qazlal.
  3364 | D:4      | Found a shattered altar of Ashenzari.
  3406 | D:4      | Slain by a gnoll

Vault maps used:
D:1:      mrwooster_arrival_arrow, feat_on_display
D:2:      cheibrodos_greedy_goblins, nicolae_overflow_crystal_walls,
          overflow_temple_1_default, first_ration, kennysheep_generic_room_13
D:3:      nicolae_tso_carved_into_rock, uniq_sigmund, uniq_robin
D:4:      elyvilon_altar_3, grunt_temple_overflow_open

Skill      XL: |  1  2  3  4  5  6  7 |
---------------+----------------------+-----
Fighting       | 4 5 |  5.9
Polearms       | 3 |  3.6
Shields        | 4 5 |  5.4
Armour         | 4 5 |  5.0
Axes           | 2 3 |  3.4
Invocations    | 1 2 |  2.3

Action                   |  1- 3 |  4- 6 |  7- 9 || total
-------------------------+-------+-------+-------++-------
Melee: Trident           |   111 |   180 |       ||   291
       War axe           |       |    37 |    42 ||    79
Invok: Convert to Beogh  |       |     1 |       ||     1
  Use: Scroll            |       |     2 |     2 ||     4
  Eat: Chunk             |     1 |     5 |     1 ||     7
       Ration            |       |       |     1 ||     1
Armor: Scale mail        |    43 |    45 |       ||    88
       Ring mail         |       |    27 |    11 ||    38
Dodge: Dodged            |    18 |    50 |    20 ||    88
Block: Shield            |    39 |    73 |    24 ||   136

Table legend:
 A = Spawn XP
 B = Non-spawn XP
 C = Spawn XP percentage of total XP
 D = Spawn monster count
 E = Non-spawn monster count
 F = Spawn count percentage of total count
 G = Total turns spent on level
                    A         B        C        D         E        F      G
               +---------+---------+-------+---------+---------+-------+---------
         Total |       0 |     937 |   0.0 |       0 |      93 |   0.0 |  3406
               +---------+---------+-------+---------+---------+-------+---------
           D:1 |       0 |      36 |   0.0 |       0 |      17 |   0.0 |   921
           D:2 |       0 |     118 |   0.0 |       0 |      30 |   0.0 |   831
           D:3 |       0 |     653 |   0.0 |       0 |      40 |   0.0 |  1432
           D:4 |       0 |     130 |   0.0 |       0 |       6 |   0.0 |   222
               +---------+---------+-------+---------+---------+-------+---------
